[ AOE2 MATCH · #498659767 ]
UnrankedJapanese vs Maya
Player's team · LOSS
[ REPLAY ANALYSIS · EXTRACTED FROM THE RECORDED GAME ]
Feudal
9:30
Castle
—
Imperial
—
| APM avg | 59.6 |
| APM peak | 87 |
| eAPM avg | 25.3 |
| Villagers / military | 53 / 34 |
Focus
⚔️ 25.4% · 🌾 74.6%
Archer ×26 · Militia ×5 · Spearman ×3
Feudal
8:28
Castle
—
Imperial
—
| APM avg | 88.5 |
| APM peak | 128 |
| eAPM avg | 52.2 |
| Villagers / military | 34 / 9 |
Focus
⚔️ 69.8% · 🌾 30.2%
Scout Cavalry ×9
Feudal
9:18
Castle
—
Imperial
—
| APM avg | 28.9 |
| APM peak | 76 |
| eAPM avg | 14.8 |
| Villagers / military | 21 / 5 |
Focus
⚔️ 29.8% · 🌾 70.2%
Archer ×3 · Spearman ×2
Feudal
9:46
Castle
—
Imperial
—
| APM avg | 65.0 |
| APM peak | 91 |
| eAPM avg | 23.9 |
| Villagers / military | 47 / 35 |
Focus
⚔️ 37.0% · 🌾 63.0%
Archer ×35
Feudal
8:40
Castle
—
Imperial
—
| APM avg | 27.6 |
| APM peak | 65 |
| eAPM avg | 13.0 |
| Villagers / military | 38 / 20 |
Focus
⚔️ 30.9% · 🌾 69.1%
Scout Cavalry ×20
Feudal
9:03
Castle
—
Imperial
—
| APM avg | 53.5 |
| APM peak | 82 |
| eAPM avg | 23.8 |
| Villagers / military | 39 / 13 |
Focus
⚔️ 33.1% · 🌾 66.9%
Scout Cavalry ×13
Feudal
9:25
Castle
—
Imperial
—
| APM avg | 71.9 |
| APM peak | 104 |
| eAPM avg | 28.8 |
| Villagers / military | 39 / 35 |
Focus
⚔️ 53.3% · 🌾 46.7%
Archer ×34 · Spearman ×1
Feudal
8:55
Castle
—
Imperial
—
| APM avg | 71.1 |
| APM peak | 120 |
| eAPM avg | 19.6 |
| Villagers / military | 42 / 11 |
Focus
⚔️ 43.8% · 🌾 56.2%
Scout Cavalry ×11
Match map
Initial resources + every placement click. Lines = walls · curves = elevation contours. ◆ gold · ⬟ stone · ● berries · ✦ relic · ◌ wall gap
Your base· Open — unwalled flank
[SotC] Spirit's base· ✓ Closed at 18:20 · 85t walls · 3 gate(s)
Marlin's base· Open — unwalled flank
[SotC] PerezPodrido's base· Open — unwalled flank
Yisaac's base· Open — unwalled flank
[SotC] Frank Castle's base· Open — 7t gap
|FMG| TINCHO's base· Open — 5t gap
FMG | Camilo's base· ✓ Closed at 18:38 · 49t walls · no gate
Smoothed initial terrain · ◌ = detected wall gap · hover for details
Inputs per minute
— Chorizo - - [SotC] Spirit
Build order — Chorizo
137 actions detected in the replay
| 0:01 | Queue | Villager (Male) |
| 0:03 | Build | House |
| 0:03 | Queue | Villager (Male) |
| 0:04 | Build | House |
| 0:05 | Queue | Villager (Male) |
| 0:12 | Queue | Villager (Male) |
| 0:12 | Queue | Villager (Male) |
| 1:26 | Queue | Villager (Male) |
| 1:26 | Queue | Villager (Male) |
| 1:45 | Build | Lumber Camp |
| 1:53 | Research | Loom |
| 1:58 | Queue | Villager (Male) |
| 1:58 | Queue | Villager (Male) |
| 2:17 | Queue | Villager (Male) |
| 2:18 | Queue | Villager (Male) |
| 2:37 | Queue | Villager (Male) |
| 2:37 | Queue | Villager (Male) |
| 3:10 | Queue | Villager (Male) |
| 3:10 | Queue | Villager (Male) |
| 3:16 | Build | House |
| 4:00 | Queue | Villager (Male) |
| 4:01 | Queue | Villager (Male) |
| 4:01 | Queue | Villager (Male) |
| 4:26 | Build | Mill |
| 4:53 | Queue | Villager (Male) |
| 4:54 | Queue | Villager (Male) |
| 5:25 | Build | Barracks |
| 5:30 | Queue | Villager (Male) |
| 5:33 | Research | Loom |
| 5:34 | Research | Loom |
| 6:43 | Queue | Villager (Male) |
| 6:59 | Build | House |
| 7:20 | Research | Feudal Age |
| 7:20 | Research | Feudal Age |
| 7:47 | Queue | Militia |
| 8:03 | Build | Mining Camp |
| 8:11 | Queue | Militia |
| 8:11 | Queue | Militia |
| 8:37 | Queue | Villager (Male) |
| 8:39 | Build | House |
| 8:40 | Build | House |
| 8:56 | Queue | Villager (Male) |
| 9:18 | Queue | Militia |
| 9:18 | Queue | Militia |
| 9:30 | Age | Feudal Age |
| 9:34 | Queue | Villager (Male) |
| 9:42 | Build | Archery Range |
| 9:47 | Build | Archery Range |
| 9:51 | Build | Mill |
| 9:55 | Queue | Villager (Male) |
| 9:56 | Queue | Villager (Male) |
| 10:36 | Queue | Archer |
| 10:36 | Queue | Archer |
| 10:43 | Queue | Archer |
| 10:43 | Queue | Archer |
| 10:51 | Build | Blacksmith |
| 10:57 | Queue | Villager (Male) |
| 11:06 | Research | Double-Bit Axe |
| 11:06 | Research | Double-Bit Axe |
| 11:10 | Queue | Archer |
| 11:11 | Queue | Archer |
| 11:29 | Queue | Archer |
| 11:30 | Queue | Archer |
| 11:55 | Queue | Villager (Male) |
| 11:58 | Queue | Archer |
| 12:05 | Queue | Villager (Male) |
| 12:38 | Queue | Villager (Male) |
| 12:38 | Queue | Villager (Male) |
| 12:48 | Build | Mill |
| 12:55 | Queue | Archer |
| 12:55 | Queue | Archer |
| 12:56 | Queue | Archer |
| 13:01 | Build | Farm |
| 13:03 | Queue | Villager (Male) |
| 13:16 | Build | Farm |
| 13:21 | Build | Farm |
| 13:22 | Build | Farm |
| 13:32 | Queue | Archer |
| 13:32 | Queue | Archer |
| 13:49 | Queue | Villager (Male) |
| 13:49 | Queue | Villager (Male) |
| 14:06 | Build | Farm |
| 14:07 | Queue | Villager (Male) |
| 14:10 | Build | House |
| 14:11 | Build | House |
| 14:40 | Queue | Villager (Male) |
| 14:53 | Queue | Villager (Male) |
| 14:59 | Research | Fletching |
| 15:01 | Queue | Archer |
| 15:01 | Queue | Archer |
| 15:02 | Queue | Archer |
| 15:02 | Queue | Archer |
| 15:24 | Queue | Villager (Male) |
| 15:27 | Build | Farm |
| 15:28 | Build | Farm |
| 15:33 | Queue | Spearman |
| 15:33 | Queue | Spearman |
| 15:41 | Build | Farm |
| 15:47 | Queue | Villager (Male) |
| 15:47 | Queue | Villager (Male) |
| 15:51 | Queue | Archer |
| 15:52 | Queue | Archer |
| 16:04 | Queue | Villager (Male) |
| 16:10 | Build | Lumber Camp |
| 16:18 | Queue | Archer |
| 16:18 | Queue | Archer |
| 16:21 | Queue | Villager (Male) |
| 16:29 | Build | House |
| 16:54 | Queue | Villager (Male) |
| 16:56 | Queue | Spearman |
| 16:59 | Queue | Villager (Male) |
| 17:02 | Build | Palisade Wall |
| 17:04 | Build | Palisade Wall |
| 17:05 | Build | Palisade Wall |
| 17:18 | Queue | Villager (Male) |
| 17:45 | Queue | Villager (Male) |
| 17:49 | Queue | Archer |
| 17:50 | Queue | Archer |
| 17:51 | Build | Farm |
| 17:53 | Build | Farm |
| 18:18 | Queue | Villager (Male) |
| 18:19 | Build | Farm |
| 18:21 | Build | Farm |
| 18:22 | Build | Farm |
| 18:35 | Queue | Villager (Male) |
| 18:36 | Queue | Archer |
| 18:37 | Queue | Archer |
| 18:43 | Build | House |
| 18:55 | Research | Padded Archer Armor |
| 18:55 | Research | Padded Archer Armor |
| 18:56 | Queue | Villager (Male) |
| 19:06 | Build | Lumber Camp |
| 19:15 | Queue | Villager (Male) |
| 19:46 | Build | House |
| 20:00 | Build | Market |
| 20:15 | Queue | Villager (Male) |
| 20:33 | Queue | Villager (Male) |
Build order — [SotC] Spirit
114 actions detected in the replay
| 0:01 | Queue | Villager (Male) |
| 0:01 | Queue | Villager (Male) |
| 0:01 | Queue | Villager (Male) |
| 0:03 | Build | House |
| 0:04 | Build | House |
| 0:10 | Queue | Villager (Male) |
| 1:15 | Queue | Villager (Male) |
| 1:15 | Queue | Villager (Male) |
| 1:45 | Build | House |
| 1:48 | Build | House |
| 1:49 | Build | House |
| 1:50 | Build | Mill |
| 1:58 | Queue | Villager (Male) |
| 2:21 | Build | Mill |
| 2:27 | Queue | Villager (Male) |
| 2:36 | Queue | Villager (Male) |
| 2:58 | Queue | Villager (Male) |
| 3:17 | Queue | Villager (Male) |
| 3:32 | Build | Palisade Wall |
| 3:59 | Queue | Villager (Male) |
| 4:16 | Queue | Villager (Male) |
| 4:55 | Build | Lumber Camp |
| 4:57 | Queue | Villager (Male) |
| 5:07 | Queue | Villager (Male) |
| 5:08 | Research | Loom |
| 6:18 | Research | Feudal Age |
| 6:50 | Queue | Villager (Male) |
| 7:31 | Build | Barracks |
| 8:28 | Age | Feudal Age |
| 8:32 | Build | Stable |
| 8:35 | Build | Stable |
| 8:38 | Build | Palisade Wall |
| 8:46 | Queue | Villager (Male) |
| 8:53 | Research | Double-Bit Axe |
| 9:03 | Queue | Villager (Male) |
| 9:18 | Queue | Scout Cavalry |
| 9:21 | Build | House |
| 9:33 | Queue | Villager (Male) |
| 9:36 | Build | Mill |
| 9:46 | Queue | Scout Cavalry |
| 9:52 | Build | House |
| 9:53 | Build | House |
| 9:57 | Build | Palisade Wall |
| 10:09 | Build | Palisade Gate |
| 10:13 | Queue | Villager (Male) |
| 10:23 | Research | Horse Collar |
| 10:42 | Build | Farm |
| 10:45 | Queue | Villager (Male) |
| 10:58 | Build | Farm |
| 11:08 | Queue | Villager (Male) |
| 11:11 | Build | Farm |
| 11:17 | Queue | Scout Cavalry |
| 11:25 | Build | Farm |
| 11:31 | Build | Palisade Wall |
| 11:33 | Build | Palisade Wall |
| 11:50 | Queue | Villager (Male) |
| 11:55 | Build | Farm |
| 11:56 | Build | Farm |
| 12:08 | Queue | Scout Cavalry |
| 12:23 | Queue | Villager (Male) |
| 12:35 | Build | Farm |
| 12:36 | Build | Farm |
| 12:42 | Queue | Scout Cavalry |
| 12:51 | Queue | Villager (Male) |
| 12:54 | Build | Farm |
| 13:03 | Build | Farm |
| 13:11 | Queue | Scout Cavalry |
| 13:16 | Build | House |
| 13:17 | Build | House |
| 13:20 | Queue | Villager (Male) |
| 13:38 | Queue | Scout Cavalry |
| 13:42 | Queue | Villager (Male) |
| 13:43 | Build | Farm |
| 14:11 | Queue | Villager (Male) |
| 14:14 | Build | Blacksmith |
| 14:23 | Queue | Scout Cavalry |
| 14:30 | Build | Palisade Wall |
| 14:39 | Queue | Villager (Male) |
| 14:44 | Build | Mining Camp |
| 14:56 | Queue | Scout Cavalry |
| 14:57 | Queue | Villager (Male) |
| 14:59 | Build | House |
| 15:00 | Build | House |
| 15:10 | Build | Farm |
| 15:22 | Queue | Villager (Male) |
| 15:24 | Build | Farm |
| 15:27 | Build | Palisade Wall |
| 15:36 | Build | Palisade Wall |
| 15:38 | Build | Palisade Wall |
| 15:44 | Queue | Villager (Male) |
| 15:48 | Build | Palisade Gate |
| 16:03 | Build | Palisade Wall |
| 16:05 | Build | Palisade Wall |
| 16:09 | Build | Farm |
| 16:12 | Build | Farm |
| 16:18 | Queue | Villager (Male) |
| 16:30 | Build | Palisade Wall |
| 16:36 | Research | Wheelbarrow |
| 16:51 | Build | Farm |
| 16:58 | Build | Farm |
| 17:15 | Build | House |
| 17:15 | Build | House |
| 17:38 | Build | Palisade Gate |
| 18:03 | Queue | Villager (Male) |
| 18:09 | Build | Mining Camp |
| 18:20 | Research | Castle Age |
| 18:34 | Build | House |
| 18:51 | Research | Gold Mining |
| 18:59 | Research | Stone Mining |
| 19:07 | Research | Stone Mining |
| 19:16 | Research | Forging |
| 19:45 | Research | Bloodlines |
| 20:07 | Build | Lumber Camp |
| 20:14 | Research | Scale Barding Armor |
Build order — Marlin
40 actions detected in the replay
| 0:03 | Build | House |
| 0:05 | Build | House |
| 0:06 | Research | Loom |
| 0:28 | Queue | Villager (Male) |
| 0:29 | Queue | Villager (Male) |
| 0:38 | Queue | Villager (Male) |
| 1:59 | Queue | Villager (Male) |
| 2:01 | Queue | Villager (Male) |
| 2:06 | Build | Lumber Camp |
| 2:22 | Queue | Villager (Male) |
| 2:38 | Queue | Villager (Male) |
| 3:40 | Queue | Villager (Male) |
| 3:41 | Queue | Villager (Male) |
| 3:53 | Build | House |
| 4:11 | Queue | Villager (Male) |
| 4:11 | Queue | Villager (Male) |
| 4:33 | Build | Mill |
| 5:06 | Queue | Villager (Male) |
| 5:07 | Queue | Villager (Male) |
| 5:44 | Queue | Villager (Male) |
| 6:35 | Queue | Villager (Male) |
| 7:08 | Research | Feudal Age |
| 8:05 | Build | Barracks |
| 8:55 | Queue | Villager (Male) |
| 9:18 | Age | Feudal Age |
| 9:21 | Queue | Villager (Male) |
| 9:25 | Build | House |
| 9:34 | Queue | Villager (Male) |
| 9:47 | Build | Archery Range |
| 10:02 | Queue | Villager (Male) |
| 10:09 | Queue | Spearman |
| 10:25 | Build | Mining Camp |
| 10:27 | Queue | Spearman |
| 10:42 | Queue | Archer |
| 10:48 | Build | Archery Range |
| 11:07 | Build | Palisade Wall |
| 11:10 | Queue | Villager (Male) |
| 11:26 | Queue | Archer |
| 12:01 | Queue | Archer |
| 12:22 | Queue | Villager (Male) |
Build order — [SotC] PerezPodrido
139 actions detected in the replay
| 0:02 | Queue | Villager (Male) |
| 0:02 | Queue | Villager (Male) |
| 0:02 | Queue | Villager (Male) |
| 0:03 | Build | House |
| 0:03 | Queue | Villager (Male) |
| 0:04 | Build | House |
| 1:32 | Queue | Villager (Male) |
| 2:00 | Build | Lumber Camp |
| 2:04 | Queue | Villager (Male) |
| 2:29 | Queue | Villager (Male) |
| 2:29 | Queue | Villager (Male) |
| 2:46 | Queue | Villager (Male) |
| 2:51 | Queue | Villager (Male) |
| 3:40 | Queue | Villager (Male) |
| 3:59 | Queue | Villager (Male) |
| 4:10 | Build | Palisade Wall |
| 4:11 | Build | Palisade Wall |
| 4:22 | Research | Loom |
| 4:23 | Build | House |
| 4:38 | Queue | Villager (Male) |
| 4:58 | Build | Mill |
| 5:15 | Queue | Villager (Male) |
| 5:34 | Queue | Villager (Male) |
| 6:04 | Queue | Villager (Male) |
| 6:26 | Queue | Villager (Male) |
| 6:40 | Build | Mill |
| 7:02 | Build | House |
| 7:36 | Research | Feudal Age |
| 8:09 | Build | Mining Camp |
| 8:28 | Queue | Villager (Male) |
| 9:17 | Build | Barracks |
| 9:46 | Age | Feudal Age |
| 10:05 | Build | Archery Range |
| 10:11 | Queue | Villager (Male) |
| 10:24 | Build | House |
| 10:25 | Queue | Villager (Male) |
| 10:43 | Queue | Villager (Male) |
| 11:03 | Queue | Villager (Male) |
| 11:12 | Build | Archery Range |
| 11:23 | Queue | Villager (Male) |
| 11:33 | Research | Double-Bit Axe |
| 11:33 | Research | Double-Bit Axe |
| 11:37 | Queue | Archer |
| 11:49 | Build | House |
| 11:55 | Queue | Archer |
| 11:59 | Queue | Archer |
| 12:01 | Queue | Villager (Male) |
| 12:12 | Build | House |
| 12:13 | Build | Palisade Wall |
| 12:14 | Queue | Archer |
| 12:16 | Queue | Villager (Male) |
| 12:24 | Queue | Archer |
| 12:51 | Build | Blacksmith |
| 12:53 | Queue | Villager (Male) |
| 12:58 | Queue | Archer |
| 13:11 | Build | House |
| 13:13 | Queue | Archer |
| 13:20 | Queue | Archer |
| 13:22 | Queue | Villager (Male) |
| 13:30 | Queue | Archer |
| 13:40 | Research | Fletching |
| 13:43 | Queue | Archer |
| 13:46 | Build | House |
| 13:49 | Queue | Villager (Male) |
| 13:51 | Queue | Archer |
| 13:54 | Queue | Villager (Male) |
| 13:57 | Build | Palisade Wall |
| 14:01 | Queue | Archer |
| 14:05 | Queue | Archer |
| 14:08 | Queue | Villager (Male) |
| 14:14 | Research | Padded Archer Armor |
| 14:14 | Research | Padded Archer Armor |
| 14:31 | Queue | Villager (Male) |
| 14:32 | Queue | Archer |
| 14:36 | Queue | Archer |
| 14:39 | Build | House |
| 14:44 | Queue | Archer |
| 14:45 | Queue | Villager (Male) |
| 14:57 | Build | House |
| 14:59 | Queue | Villager (Male) |
| 15:21 | Build | House |
| 15:24 | Queue | Archer |
| 15:47 | Queue | Villager (Male) |
| 15:56 | Build | House |
| 15:57 | Queue | Archer |
| 15:59 | Build | Farm |
| 15:59 | Build | Farm |
| 15:59 | Build | Farm |
| 15:59 | Build | Farm |
| 15:59 | Build | Farm |
| 16:00 | Build | Farm |
| 16:03 | Queue | Villager (Male) |
| 16:15 | Queue | Archer |
| 16:18 | Queue | Villager (Male) |
| 16:30 | Queue | Villager (Male) |
| 16:39 | Build | Lumber Camp |
| 16:45 | Queue | Archer |
| 16:53 | Queue | Archer |
| 16:55 | Queue | Villager (Male) |
| 17:09 | Queue | Archer |
| 17:17 | Queue | Villager (Male) |
| 17:19 | Queue | Archer |
| 17:23 | Build | Farm |
| 17:27 | Build | Farm |
| 17:32 | Queue | Villager (Male) |
| 17:41 | Build | Farm |
| 17:45 | Build | Farm |
| 17:50 | Queue | Archer |
| 18:08 | Queue | Archer |
| 18:17 | Queue | Villager (Male) |
| 18:20 | Build | Farm |
| 18:21 | Build | Farm |
| 18:29 | Queue | Archer |
| 18:34 | Build | Farm |
| 18:39 | Queue | Villager (Male) |
| 18:41 | Queue | Villager (Male) |
| 18:46 | Queue | Archer |
| 18:59 | Queue | Archer |
| 19:07 | Queue | Villager (Male) |
| 19:16 | Queue | Villager (Male) |
| 19:25 | Queue | Archer |
| 19:27 | Build | Farm |
| 19:29 | Build | Farm |
| 19:31 | Build | Farm |
| 19:31 | Build | Farm |
| 19:32 | Build | Farm |
| 19:35 | Queue | Archer |
| 19:39 | Build | House |
| 19:45 | Queue | Archer |
| 19:47 | Queue | Villager (Male) |
| 19:53 | Queue | Archer |
| 20:06 | Research | Wheelbarrow |
| 20:06 | Research | Wheelbarrow |
| 20:06 | Queue | Archer |
| 20:17 | Build | House |
| 20:18 | Queue | Archer |
| 20:33 | Queue | Archer |
| 20:46 | Build | House |
| 20:47 | Queue | Villager (Male) |
Build order — Yisaac
96 actions detected in the replay
| 0:01 | Queue | Villager (Male) |
| 0:02 | Queue | Villager (Male) |
| 0:03 | Build | House |
| 0:04 | Build | House |
| 0:12 | Queue | Villager (Male) |
| 0:12 | Queue | Villager (Male) |
| 0:12 | Queue | Villager (Male) |
| 1:27 | Queue | Villager (Male) |
| 1:46 | Build | Lumber Camp |
| 2:06 | Queue | Villager (Male) |
| 2:06 | Queue | Villager (Male) |
| 2:07 | Queue | Villager (Male) |
| 2:15 | Queue | Villager (Male) |
| 2:16 | Queue | Villager (Male) |
| 2:52 | Queue | Villager (Male) |
| 2:53 | Queue | Villager (Male) |
| 3:05 | Queue | Villager (Male) |
| 3:17 | Build | House |
| 3:47 | Queue | Villager (Male) |
| 3:48 | Queue | Villager (Male) |
| 4:12 | Queue | Villager (Male) |
| 4:12 | Queue | Villager (Male) |
| 4:32 | Queue | Villager (Male) |
| 4:38 | Queue | Villager (Male) |
| 4:38 | Queue | Villager (Male) |
| 4:56 | Build | Mill |
| 5:25 | Queue | Villager (Male) |
| 6:30 | Research | Feudal Age |
| 7:39 | Build | Barracks |
| 8:36 | Queue | Villager (Male) |
| 8:36 | Queue | Villager (Male) |
| 8:40 | Age | Feudal Age |
| 8:43 | Build | Stable |
| 8:48 | Research | Loom |
| 9:03 | Build | Stable |
| 9:22 | Queue | Scout Cavalry |
| 9:46 | Queue | Villager (Male) |
| 9:50 | Build | Mill |
| 9:52 | Queue | Villager (Male) |
| 10:07 | Queue | Scout Cavalry |
| 10:34 | Queue | Scout Cavalry |
| 10:37 | Build | House |
| 10:42 | Queue | Villager (Male) |
| 10:58 | Build | Farm |
| 11:04 | Build | Farm |
| 11:05 | Build | Farm |
| 11:11 | Queue | Villager (Male) |
| 11:12 | Queue | Scout Cavalry |
| 11:45 | Queue | Villager (Male) |
| 11:52 | Build | Blacksmith |
| 12:02 | Queue | Scout Cavalry |
| 12:02 | Queue | Scout Cavalry |
| 12:35 | Queue | Villager (Male) |
| 12:38 | Build | Farm |
| 12:39 | Build | Farm |
| 12:41 | Build | Farm |
| 12:42 | Build | Farm |
| 13:13 | Queue | Villager (Male) |
| 13:14 | Queue | Scout Cavalry |
| 13:15 | Queue | Scout Cavalry |
| 13:17 | Build | Farm |
| 13:30 | Queue | Scout Cavalry |
| 13:31 | Queue | Scout Cavalry |
| 13:42 | Queue | Villager (Male) |
| 13:52 | Build | House |
| 13:54 | Build | Palisade Wall |
| 14:06 | Queue | Scout Cavalry |
| 14:07 | Queue | Scout Cavalry |
| 14:23 | Queue | Villager (Male) |
| 15:06 | Queue | Villager (Male) |
| 15:08 | Queue | Scout Cavalry |
| 15:22 | Queue | Villager (Male) |
| 15:24 | Build | Farm |
| 15:29 | Research | Forging |
| 15:46 | Queue | Scout Cavalry |
| 15:46 | Queue | Scout Cavalry |
| 15:55 | Build | Farm |
| 15:57 | Build | Farm |
| 15:58 | Build | Farm |
| 16:00 | Build | Farm |
| 16:03 | Queue | Villager (Male) |
| 16:42 | Queue | Villager (Male) |
| 16:57 | Queue | Scout Cavalry |
| 16:57 | Queue | Scout Cavalry |
| 17:08 | Build | Farm |
| 17:08 | Build | Farm |
| 17:08 | Build | Farm |
| 17:08 | Build | Farm |
| 17:08 | Build | Farm |
| 17:19 | Queue | Villager (Male) |
| 17:33 | Queue | Scout Cavalry |
| 17:33 | Queue | Scout Cavalry |
| 17:48 | Build | Farm |
| 17:50 | Build | Farm |
| 17:51 | Build | Farm |
| 18:00 | Queue | Scout Cavalry |
Build order — [SotC] Frank Castle
125 actions detected in the replay
| 0:01 | Queue | Villager (Male) |
| 0:02 | Build | House |
| 0:04 | Build | House |
| 0:14 | Queue | Villager (Male) |
| 0:18 | Queue | Villager (Male) |
| 0:18 | Queue | Villager (Male) |
| 1:23 | Queue | Villager (Male) |
| 1:24 | Queue | Villager (Male) |
| 1:46 | Build | Lumber Camp |
| 2:01 | Queue | Villager (Male) |
| 2:02 | Queue | Villager (Male) |
| 2:14 | Queue | Villager (Male) |
| 2:47 | Queue | Villager (Male) |
| 3:00 | Queue | Villager (Male) |
| 3:27 | Build | House |
| 3:28 | Build | Mill |
| 3:36 | Queue | Villager (Male) |
| 4:02 | Queue | Villager (Male) |
| 4:03 | Queue | Villager (Male) |
| 4:24 | Queue | Villager (Male) |
| 4:53 | Queue | Villager (Male) |
| 5:16 | Build | Mill |
| 5:29 | Queue | Villager (Male) |
| 5:34 | Research | Loom |
| 6:53 | Research | Feudal Age |
| 7:39 | Build | House |
| 7:41 | Build | Barracks |
| 8:01 | Queue | Villager (Male) |
| 9:03 | Age | Feudal Age |
| 9:06 | Queue | Villager (Male) |
| 9:09 | Build | Stable |
| 9:12 | Research | Double-Bit Axe |
| 9:12 | Research | Horse Collar |
| 9:34 | Queue | Villager (Male) |
| 9:41 | Queue | Scout Cavalry |
| 9:41 | Queue | Scout Cavalry |
| 9:44 | Queue | Scout Cavalry |
| 9:52 | Queue | Villager (Male) |
| 9:55 | Queue | Villager (Male) |
| 9:59 | Build | Farm |
| 10:00 | Build | Farm |
| 10:19 | Build | House |
| 10:30 | Queue | Scout Cavalry |
| 10:43 | Build | Farm |
| 10:43 | Build | Farm |
| 10:45 | Queue | Scout Cavalry |
| 10:45 | Queue | Scout Cavalry |
| 10:52 | Build | House |
| 10:53 | Build | Palisade Wall |
| 11:01 | Queue | Villager (Male) |
| 11:07 | Queue | Villager (Male) |
| 11:21 | Build | House |
| 11:22 | Build | House |
| 11:40 | Build | Farm |
| 11:41 | Build | Farm |
| 11:46 | Queue | Villager (Male) |
| 11:56 | Queue | Scout Cavalry |
| 11:58 | Build | House |
| 12:01 | Queue | Villager (Male) |
| 12:11 | Queue | Villager (Male) |
| 12:22 | Build | Blacksmith |
| 12:32 | Build | Palisade Wall |
| 12:40 | Queue | Scout Cavalry |
| 12:49 | Queue | Villager (Male) |
| 13:08 | Build | Farm |
| 13:10 | Build | Farm |
| 13:11 | Queue | Villager (Male) |
| 13:16 | Queue | Scout Cavalry |
| 13:20 | Build | Palisade Wall |
| 13:40 | Build | Farm |
| 13:41 | Build | Farm |
| 13:41 | Build | Farm |
| 13:43 | Queue | Villager (Male) |
| 13:47 | Queue | Scout Cavalry |
| 13:49 | Build | Palisade Wall |
| 13:53 | Build | Palisade Wall |
| 13:54 | Build | Palisade Wall |
| 14:00 | Queue | Scout Cavalry |
| 14:02 | Build | Farm |
| 14:30 | Research | Forging |
| 14:53 | Build | Farm |
| 14:54 | Queue | Villager (Male) |
| 15:06 | Queue | Villager (Male) |
| 15:06 | Queue | Villager (Male) |
| 15:11 | Build | House |
| 15:11 | Build | House |
| 15:12 | Build | House |
| 15:17 | Build | Farm |
| 15:17 | Build | Farm |
| 15:19 | Build | Farm |
| 15:22 | Build | Farm |
| 15:27 | Queue | Scout Cavalry |
| 15:47 | Queue | Villager (Male) |
| 15:52 | Build | Mining Camp |
| 16:08 | Queue | Scout Cavalry |
| 16:13 | Queue | Villager (Male) |
| 16:17 | Build | Farm |
| 16:30 | Research | Scale Barding Armor |
| 16:30 | Research | Scale Barding Armor |
| 16:34 | Build | Farm |
| 16:36 | Build | Farm |
| 16:57 | Research | Wheelbarrow |
| 17:07 | Build | Farm |
| 17:12 | Queue | Villager (Male) |
| 17:14 | Build | Farm |
| 17:23 | Build | House |
| 17:24 | Build | House |
| 17:45 | Research | Bloodlines |
| 17:56 | Queue | Villager (Male) |
| 17:58 | Build | Palisade Wall |
| 18:00 | Build | Palisade Wall |
| 18:02 | Build | Palisade Wall |
| 18:26 | Queue | Villager (Male) |
| 19:03 | Queue | Villager (Male) |
| 19:06 | Build | House |
| 19:07 | Build | House |
| 19:20 | Build | House |
| 19:22 | Build | House |
| 19:28 | Build | Farm |
| 19:39 | Build | Stable |
| 19:48 | Build | Farm |
| 19:50 | Research | Castle Age |
| 19:57 | Build | Farm |
| 20:24 | Research | Gold Mining |
| 20:24 | Research | Gold Mining |
Build order — |FMG| TINCHO
122 actions detected in the replay
| 0:01 | Queue | Villager (Male) |
| 0:02 | Queue | Villager (Male) |
| 0:03 | Build | House |
| 0:04 | Build | House |
| 0:11 | Queue | Villager (Male) |
| 0:13 | Queue | Villager (Male) |
| 1:24 | Queue | Villager (Male) |
| 2:01 | Queue | Villager (Male) |
| 2:02 | Build | Lumber Camp |
| 2:18 | Queue | Villager (Male) |
| 2:46 | Queue | Villager (Male) |
| 3:06 | Queue | Villager (Male) |
| 3:06 | Queue | Villager (Male) |
| 3:38 | Research | Loom |
| 4:02 | Build | House |
| 4:06 | Queue | Villager (Male) |
| 4:06 | Queue | Villager (Male) |
| 4:07 | Queue | Villager (Male) |
| 4:44 | Build | Mill |
| 4:56 | Queue | Villager (Male) |
| 4:57 | Queue | Villager (Male) |
| 4:57 | Queue | Villager (Male) |
| 6:21 | Queue | Villager (Male) |
| 7:15 | Research | Feudal Age |
| 7:15 | Research | Feudal Age |
| 8:18 | Queue | Villager (Male) |
| 8:37 | Build | Mining Camp |
| 8:50 | Build | Barracks |
| 8:59 | Build | House |
| 9:25 | Age | Feudal Age |
| 9:39 | Build | Archery Range |
| 9:45 | Queue | Villager (Male) |
| 9:55 | Queue | Villager (Male) |
| 10:05 | Build | Archery Range |
| 10:15 | Queue | Villager (Male) |
| 10:21 | Research | Double-Bit Axe |
| 10:29 | Queue | Archer |
| 10:45 | Queue | Spearman |
| 10:51 | Queue | Archer |
| 10:54 | Queue | Villager (Male) |
| 10:58 | Build | Palisade Wall |
| 10:59 | Build | Palisade Wall |
| 11:00 | Queue | Villager (Male) |
| 11:06 | Queue | Villager (Male) |
| 11:26 | Build | Blacksmith |
| 11:29 | Queue | Archer |
| 11:29 | Queue | Archer |
| 11:33 | Queue | Villager (Male) |
| 11:48 | Build | Mill |
| 11:58 | Queue | Archer |
| 12:07 | Build | Palisade Wall |
| 12:08 | Build | Palisade Wall |
| 12:26 | Queue | Archer |
| 12:26 | Queue | Archer |
| 12:29 | Queue | Villager (Male) |
| 12:40 | Queue | Villager (Male) |
| 12:50 | Research | Fletching |
| 12:53 | Queue | Villager (Male) |
| 12:58 | Build | Farm |
| 13:00 | Build | Farm |
| 13:02 | Queue | Archer |
| 13:12 | Build | House |
| 13:14 | Queue | Archer |
| 13:14 | Queue | Archer |
| 13:21 | Build | House |
| 13:35 | Queue | Archer |
| 13:35 | Queue | Archer |
| 13:35 | Queue | Archer |
| 13:38 | Build | Palisade Wall |
| 13:42 | Queue | Archer |
| 13:56 | Build | Farm |
| 13:59 | Queue | Villager (Male) |
| 14:03 | Build | House |
| 14:04 | Queue | Archer |
| 14:14 | Queue | Archer |
| 14:21 | Build | House |
| 14:22 | Build | Palisade Wall |
| 14:23 | Build | Palisade Wall |
| 14:24 | Queue | Archer |
| 14:43 | Queue | Villager (Male) |
| 14:57 | Queue | Villager (Male) |
| 15:11 | Queue | Archer |
| 15:11 | Queue | Villager (Male) |
| 15:13 | Research | Padded Archer Armor |
| 15:14 | Queue | Archer |
| 15:21 | Build | Market |
| 15:26 | Queue | Archer |
| 15:44 | Build | House |
| 15:45 | Build | Palisade Wall |
| 15:48 | Queue | Archer |
| 15:50 | Build | Watch Tower |
| 16:00 | Queue | Villager (Male) |
| 16:07 | Queue | Archer |
| 16:29 | Queue | Villager (Male) |
| 16:42 | Queue | Archer |
| 16:49 | Build | Palisade Wall |
| 16:50 | Queue | Archer |
| 16:55 | Queue | Villager (Male) |
| 16:56 | Queue | Archer |
| 16:57 | Queue | Villager (Male) |
| 17:04 | Queue | Archer |
| 17:21 | Queue | Villager (Male) |
| 17:23 | Build | Farm |
| 17:24 | Build | Farm |
| 17:27 | Queue | Archer |
| 17:42 | Queue | Archer |
| 18:10 | Queue | Archer |
| 18:11 | Queue | Villager (Male) |
| 18:15 | Queue | Archer |
| 18:21 | Build | Farm |
| 18:22 | Build | Farm |
| 18:23 | Build | Farm |
| 18:26 | Queue | Archer |
| 19:25 | Queue | Archer |
| 19:27 | Queue | Villager (Male) |
| 19:44 | Build | Lumber Camp |
| 19:58 | Research | Castle Age |
| 19:58 | Research | Castle Age |
| 20:14 | Build | Archery Range |
| 20:33 | Queue | Archer |
| 20:36 | Queue | Archer |
| 20:38 | Research | Gold Mining |
Build order — FMG | Camilo
124 actions detected in the replay
| 0:01 | Queue | Villager (Male) |
| 0:01 | Queue | Villager (Male) |
| 0:01 | Queue | Villager (Male) |
| 0:02 | Queue | Villager (Male) |
| 0:02 | Queue | Villager (Male) |
| 0:03 | Build | House |
| 0:05 | Build | House |
| 1:27 | Queue | Villager (Male) |
| 2:02 | Queue | Villager (Male) |
| 2:02 | Queue | Villager (Male) |
| 2:16 | Queue | Villager (Male) |
| 2:17 | Queue | Villager (Male) |
| 2:44 | Queue | Villager (Male) |
| 2:44 | Queue | Villager (Male) |
| 3:06 | Build | House |
| 3:07 | Build | Mill |
| 3:16 | Queue | Villager (Male) |
| 3:43 | Queue | Villager (Male) |
| 3:55 | Queue | Villager (Male) |
| 4:29 | Queue | Villager (Male) |
| 5:04 | Queue | Villager (Male) |
| 5:20 | Build | Lumber Camp |
| 5:25 | Queue | Villager (Male) |
| 5:49 | Queue | Villager (Male) |
| 6:15 | Queue | Villager (Male) |
| 6:45 | Research | Feudal Age |
| 6:45 | Research | Feudal Age |
| 7:37 | Research | Loom |
| 7:49 | Build | House |
| 7:49 | Build | Barracks |
| 8:21 | Build | Barracks |
| 8:55 | Age | Feudal Age |
| 9:07 | Build | Stable |
| 9:09 | Queue | Villager (Male) |
| 9:46 | Queue | Villager (Male) |
| 9:50 | Research | Double-Bit Axe |
| 9:51 | Queue | Scout Cavalry |
| 9:55 | Build | House |
| 9:55 | Build | Palisade Wall |
| 10:12 | Build | Mill |
| 10:15 | Queue | Villager (Male) |
| 10:17 | Build | Farm |
| 10:25 | Queue | Scout Cavalry |
| 10:33 | Build | Farm |
| 10:43 | Queue | Villager (Male) |
| 10:46 | Build | Farm |
| 10:50 | Build | House |
| 10:57 | Build | Palisade Wall |
| 11:00 | Queue | Scout Cavalry |
| 11:06 | Build | Farm |
| 11:08 | Queue | Villager (Male) |
| 11:15 | Queue | Villager (Male) |
| 11:19 | Build | Farm |
| 11:22 | Build | Palisade Wall |
| 11:24 | Build | Palisade Wall |
| 11:35 | Build | Palisade Wall |
| 11:39 | Build | Palisade Wall |
| 11:43 | Build | Farm |
| 11:44 | Queue | Scout Cavalry |
| 11:46 | Queue | Villager (Male) |
| 11:46 | Queue | Villager (Male) |
| 11:58 | Queue | Villager (Male) |
| 12:06 | Build | House |
| 12:08 | Build | Palisade Wall |
| 12:11 | Build | Farm |
| 12:14 | Build | House |
| 12:15 | Build | Palisade Wall |
| 12:19 | Queue | Villager (Male) |
| 12:22 | Queue | Scout Cavalry |
| 12:48 | Queue | Villager (Male) |
| 12:50 | Queue | Scout Cavalry |
| 13:05 | Build | Farm |
| 13:09 | Build | Farm |
| 13:10 | Build | Farm |
| 13:27 | Queue | Villager (Male) |
| 13:31 | Queue | Scout Cavalry |
| 13:36 | Build | House |
| 13:37 | Build | Palisade Wall |
| 13:40 | Build | Palisade Wall |
| 13:46 | Build | Farm |
| 13:48 | Build | Palisade Wall |
| 13:56 | Queue | Villager (Male) |
| 13:57 | Queue | Scout Cavalry |
| 14:02 | Build | Farm |
| 14:13 | Build | Palisade Wall |
| 14:25 | Queue | Villager (Male) |
| 14:26 | Queue | Scout Cavalry |
| 14:28 | Build | Farm |
| 14:30 | Build | Farm |
| 14:45 | Queue | Villager (Male) |
| 15:02 | Build | Farm |
| 15:04 | Queue | Villager (Male) |
| 15:39 | Build | Blacksmith |
| 15:42 | Queue | Villager (Male) |
| 15:49 | Build | Mining Camp |
| 16:01 | Build | Mining Camp |
| 16:05 | Queue | Villager (Male) |
| 16:13 | Research | Wheelbarrow |
| 16:13 | Research | Wheelbarrow |
| 16:29 | Research | Scale Barding Armor |
| 16:29 | Queue | Villager (Male) |
| 16:47 | Queue | Villager (Male) |
| 16:48 | Build | Farm |
| 16:53 | Queue | Scout Cavalry |
| 17:01 | Research | Wheelbarrow |
| 17:01 | Research | Wheelbarrow |
| 17:14 | Queue | Villager (Male) |
| 17:16 | Build | Lumber Camp |
| 17:21 | Queue | Villager (Male) |
| 17:59 | Queue | Scout Cavalry |
| 18:26 | Build | Farm |
| 18:38 | Research | Castle Age |
| 18:38 | Research | Castle Age |
| 18:51 | Build | Stable |
| 18:57 | Build | Palisade Wall |
| 19:05 | Build | Farm |
| 19:11 | Build | Farm |
| 19:23 | Research | Gold Mining |
| 19:23 | Research | Gold Mining |
| 19:44 | Build | House |
| 19:50 | Research | Forging |
| 19:50 | Research | Forging |
| 20:09 | Build | House |
| 20:41 | Build | Stable |
Match timeline
| 3:32 | [SotC] Spirit · wall_segment Palisade Wall x1 |
| 4:10 | [SotC] PerezPodrido · wall_segment Palisade Wall x1 |
| 4:11 | [SotC] PerezPodrido · wall_segment Palisade Wall x1 |
| 5:25 | Chorizo · first_building Barracks |
| 7:31 | [SotC] Spirit · first_building Barracks |
| 7:39 | Yisaac · first_building Barracks |
| 7:41 | [SotC] Frank Castle · first_building Barracks |
| 7:49 | FMG | Camilo · first_building Barracks |
| 8:05 | Marlin · first_building Barracks |
| 8:28 | [SotC] Spirit · age_up feudal |
| 8:32 | [SotC] Spirit · first_building Stable |
| 8:38 | [SotC] Spirit · wall_segment Palisade Wall x2 |
| 8:40 | Yisaac · age_up feudal |
| 8:43 | Yisaac · first_building Stable |
| 8:50 | |FMG| TINCHO · first_building Barracks |
| 8:55 | FMG | Camilo · age_up feudal |
| 9:03 | [SotC] Frank Castle · age_up feudal |
| 9:07 | FMG | Camilo · first_building Stable |
| 9:09 | [SotC] Frank Castle · first_building Stable |
| 9:17 | [SotC] PerezPodrido · first_building Barracks |
| 9:18 | Marlin · age_up feudal |
| 9:25 | |FMG| TINCHO · age_up feudal |
| 9:30 | Chorizo · age_up feudal |
| 9:39 | |FMG| TINCHO · first_building Archery Range |
| 9:42 | Chorizo · first_building Archery Range |
| 9:46 | [SotC] PerezPodrido · age_up feudal |
| 9:47 | Marlin · first_building Archery Range |
| 9:55 | FMG | Camilo · wall_segment Palisade Wall x5 |
| 9:57 | [SotC] Spirit · wall_segment Palisade Wall x11 |
| 10:05 | [SotC] PerezPodrido · first_building Archery Range |
| 10:53 | [SotC] Frank Castle · wall_segment Palisade Wall x1 |
| 10:57 | FMG | Camilo · wall_segment Palisade Wall x4 |
| 10:58 | |FMG| TINCHO · wall_segment Palisade Wall x3 |
| 10:59 | |FMG| TINCHO · wall_segment Palisade Wall x3 |
| 11:07 | Marlin · wall_segment Palisade Wall x11 |
| 11:22 | FMG | Camilo · wall_segment Palisade Wall x1 |
| 11:24 | FMG | Camilo · wall_segment Palisade Wall x3 |
| 11:31 | [SotC] Spirit · wall_segment Palisade Wall x6 |
| 11:33 | [SotC] Spirit · wall_segment Palisade Wall x7 |
| 11:35 | FMG | Camilo · wall_segment Palisade Wall x3 |
| 11:39 | FMG | Camilo · wall_segment Palisade Wall x1 |
| 12:07 | |FMG| TINCHO · wall_segment Palisade Wall x3 |
| 12:08 | FMG | Camilo · wall_segment Palisade Wall x8 |
| 12:08 | |FMG| TINCHO · wall_segment Palisade Wall x8 |
| 12:13 | [SotC] PerezPodrido · wall_segment Palisade Wall x2 |
| 12:15 | FMG | Camilo · wall_segment Palisade Wall x5 |
| 12:27 | Marlin · resign |
| 12:32 | [SotC] Frank Castle · wall_segment Palisade Wall x1 |
| 13:20 | [SotC] Frank Castle · wall_segment Palisade Wall x2 |
| 13:37 | FMG | Camilo · wall_segment Palisade Wall x9 |
| 13:38 | |FMG| TINCHO · wall_segment Palisade Wall x1 |
| 13:40 | FMG | Camilo · wall_segment Palisade Wall x8 |
| 13:48 | FMG | Camilo · wall_segment Palisade Wall x1 |
| 13:49 | [SotC] Frank Castle · wall_segment Palisade Wall x2 |
| 13:53 | [SotC] Frank Castle · wall_segment Palisade Wall x1 |
| 13:54 | Yisaac · wall_segment Palisade Wall x3 |
| 13:54 | [SotC] Frank Castle · wall_segment Palisade Wall x1 |
| 13:57 | [SotC] PerezPodrido · wall_segment Palisade Wall x3 |
| 14:13 | FMG | Camilo · wall_segment Palisade Wall x1 |
| 14:22 | |FMG| TINCHO · wall_segment Palisade Wall x4 |
| 14:23 | |FMG| TINCHO · wall_segment Palisade Wall x12 |
| 14:30 | [SotC] Spirit · wall_segment Palisade Wall x6 |
| 15:27 | [SotC] Spirit · wall_segment Palisade Wall x11 |
| 15:36 | [SotC] Spirit · wall_segment Palisade Wall x5 |
| 15:38 | [SotC] Spirit · wall_segment Palisade Wall x10 |
| 15:45 | |FMG| TINCHO · wall_segment Palisade Wall x4 |
| 16:03 | [SotC] Spirit · wall_segment Palisade Wall x4 |
| 16:05 | [SotC] Spirit · wall_segment Palisade Wall x8 |
| 16:30 | [SotC] Spirit · wall_segment Palisade Wall x15 |
| 16:49 | |FMG| TINCHO · wall_segment Palisade Wall x11 |
| 17:02 | Chorizo · wall_segment Palisade Wall x4 |
| 17:04 | Chorizo · wall_segment Palisade Wall x14 |
| 17:05 | Chorizo · wall_segment Palisade Wall x2 |
| 17:58 | [SotC] Frank Castle · wall_segment Palisade Wall x1 |
| 18:00 | [SotC] Frank Castle · wall_segment Palisade Wall x2 |
| 18:02 | [SotC] Frank Castle · wall_segment Palisade Wall x9 |
| 18:57 | FMG | Camilo · wall_segment Palisade Wall x1 |
[ AI ANALYSIS · 1 CREDIT ]
What really happened in this match?
Wolo.gg analyzes every decision: build order, eco, micro, common mistakes by bracket. Personalized analysis on WhatsApp or Discord in 30 seconds.
Civ guide
Japanese
Perfil
Chorizo